 Dungeon Crawl Stone Soup version 0.18.1-48-g4cf74bf (webtiles) character file.

107 Joat the Skirmisher (level 4, 0/39 HPs)
             Began as a Centaur Fighter on Sept 4, 2016.
             Slain by a kobold zombie (1 damage)
             ... in an ossuary.
             The game lasted 00:06:51 (1809 turns).

Joat the Skirmisher (Centaur Fighter)               Turns: 1809, Time: 00:06:52

Health: 0/39       AC:  7    Str: 20    XL:     4   Next: 57%
Magic:  4/4        EV:  7    Int:  7    God:
Gold:   96         SH:  0    Dex:  8    Spells: 0 memorised, 3 levels left

rFire  . . .     SeeInvis .     e - +2 dagger (speed)
rCold  . . .     Gourm    .     b - +0 scale mail
rNeg   . . .     Faith    .     (no shield)
rPois  .         Spirit   .     (no helmet)
rElec  .         Dismiss  .     (no cloak)
rCorr  .         Reflect  .     n - +0 pair of gloves
SustAt .         Harm     .     (no barding)
MR     .....                    (no amulet)
Stlth  ..........               (no ring)
                                (no ring)

@: very quick, not resistant to hostile enchantments, extremely unstealthy
A: hooves 3, deformed body, speed 2, tough skin 3
a: no special abilities


You were in an ossuary.
You were hungry.

You visited 1 branch of the dungeon, and saw 4 of its levels.
You also visited: Ossuary.

You collected 96 gold pieces.

Inventory:

Hand Weapons
 a - a +0 trident
 e - a +2 dagger of speed (weapon)
Missiles
 j - 7 curare-tipped needles
Armour
 b - a +0 scale mail (worn)
 c - a +0 shield
 n - a +0 pair of gloves (worn)
Magical Staves
 q - an uncursed staff of death
Wands
 p - a wand of random effects (26/48)
Scrolls
 i - 5 scrolls of identify {unknown}
 l - a scroll of blinking {unknown}
 m - a scroll of teleportation {unknown}
 o - 3 scrolls of remove curse {unknown}
Potions
 d - a potion of might
 h - a potion of cancellation {unknown}
 k - 3 potions of curing {unknown}
 r - a potion of degeneration {unknown}
Comestibles
 f - 2 bread rations


   Skills:
 + Level 3.6 Fighting
 * Level 2.1 Short Blades
 - Level 2.2 Polearms
 + Level 2.6 Armour
 - Level 2.3 Shields


You had 3 spell levels left.
You didn't know any spells.

Dungeon Overview and Level Annotations

Branches:
Dungeon (3/15)

Altars:
Zin


Innate Abilities, Weirdness & Mutations

You have hooves in place of feet.
Armour fits poorly on your strangely shaped body.
You cover ground very quickly.
You have extremely tough skin (AC +3).


Message History

A big kobold zombie comes into view.
The kobold zombie barely misses you.
The elf zombie hits you but does no damage.
The elf zombie barely misses you.
The big kobold zombie hits you but does no damage.
The big kobold zombie hits you.
* * * LOW HITPOINT WARNING * * *
The kobold zombie hits you.
* * * LOW HITPOINT WARNING * * *
The kobold zombie hits you.
* * * LOW HITPOINT WARNING * * *
The kobold zombie hits you but does no damage.
The kobold zombie barely misses you. The mummy closely misses you.
You hit the kobold zombie.
You kick the kobold zombie, but do no damage.
The mummy hits you!
* * * LOW HITPOINT WARNING * * *
The kobold zombie hits you.
You die...

.# #..# #...# .#
#..# #...# .# #..#
#...# .# .... #..Z#
M# #.... #.ZZ# .#
#..... #...# .#
#...... #.MZ# .#
#.∩.....#...# .#
#.@Z# .# #...# .#
#...#
.##############...#
...Z..............#
.......∩∩.........#
###################


You could see a mummy, 3 kobold zombies and 2 orc zombies.

Vanquished Creatures
  A centaur zombie (Ossuary)
  2 adders
  A dart slug (D:1)
  3 giant geckos
  4 bats
  2 giant cockroaches
  3 goblins
  A hobgoblin (D:1)
  4 jackals (D:1)
  7 kobolds
  2 ball pythons (D:1)
  2 giant newts
  A goblin zombie (Ossuary)
  5 hobgoblin zombies (Ossuary)
  3 jackal zombies (Ossuary)
  5 kobold zombies (Ossuary)
  9 orc zombies (Ossuary)
  6 rats
  A rat zombie (Ossuary)
62 creatures vanquished.

Notes
Turn   | Place    | Note
--------------------------------------------------------------
     0 | D:1      | Joat the Centaur Fighter began the quest for the Orb.
     0 | D:1      | Reached XP level 1. HP: 19/19 MP: 1/1
   123 | D:1      | Reached XP level 2. HP: 16/26 MP: 2/2
   854 | D:2      | Found a glowing silver altar of Zin.
   898 | D:2      | Reached XP level 3. HP: 31/31 MP: 3/3
   967 | D:2      | Reached skill level 1 in Short Blades
  1436 | D:3      | You fall through a shaft for 2 floors!
  1436 | D:5      | Entered Level 5 of the Dungeon
  1439 | D:5      | Found a sand-covered staircase.
  1447 | Ossuary  | Entered an ossuary
  1524 | Ossuary  | Reached XP level 4. HP: 37/38 MP: 4/4
  1808 | Ossuary  | HP: 1/39 [mummy (7)]
  1809 | Ossuary  | Slain by a kobold zombie

Skill      XL: |  1  2  3  4 |
---------------+-------------+-----
Polearms       | 2 |  2.2
Short Blades   | 1 2 |  2.1
Fighting       | |  3.6
Armour         | |  2.6
Shields        | |  2.3

Action                   |  1- 3 |  4- 6 || total
-------------------------+-------+-------++-------
Melee: Trident           |    32 |       ||    32
       Kick              |    27 |    27 ||    54
       Dagger            |   119 |    87 ||   206
  Eat: Chunk             |     1 |       ||     1
Armor: Scale mail        |    60 |    41 ||   101
Dodge: Dodged            |    26 |    27 ||    53
Block: Shield            |    24 |       ||    24
